 Dungeon Crawl Stone Soup version 0.26.0-10-g1f06aea511 (webtiles) character file.

Game seed: 1380358354487793822

2670 funkygono the Thaumaturge (level 9, 0/94 HPs)
             Began as a Purple Draconian Fire Elementalist on Jan 26, 2021.
             Was a Follower of Vehumet.
             Succumbed to a green ugly thing's poison
             ... on level 7 of the Dungeon.
             The game lasted 00:19:06 (8222 turns).

funkygono the Thaumaturge (DrFE)                    Turns: 8222, Time: 00:19:07

Health: 0/94       AC: 14    Str: 17    XL:     9   Next: 37%
Magic:  16/21      EV: 13    Int: 24    God:    Vehumet [*.....]
Gold:   193        SH:  0    Dex: 11    Spells: 13/25 levels left

rFire    . . .     SeeInvis .   s - +7 dagger of Intuition {drain, rN+ Int+5}
rCold    . . .     Faith    .   (no shield)
rNeg     + . .     Spirit   .   (armour unavailable)
rPois    .         Reflect  .   (helmet restricted)
rElec    .         Harm     .   (no cloak)
rCorr    .         Rampage  .   (no gloves)
Will     +....                  v - +2 pair of boots {Fly}
Stlth    ..........             (no amulet)
HPRegen  0.25/turn              b - +4 ring of protection
MPRegen  0.17/turn              r - +6 ring of strength

@: berserking, lethally poisoned (0 -> -26), flying, slowed
A: breathe power, unfitting armour, cold-blooded, AC +7
a: Breathe Dispelling Energy, Stop Flying, Renounce Religion


You were on level 7 of the Dungeon.
You worshipped Vehumet.
Vehumet was aware of your devotion.
You visited 2 branches of the dungeon, and saw 8 of its levels.

You collected 373 gold pieces.
You spent 180 gold pieces at shops.

Inventory:

Hand Weapons
 d - a +1 whip
 g - the +3 shortbow of Power {speed, rF++ rN+ Str+3 Int-5 Dex+2, unknown}
   (You found it on level 7 of the Dungeon)

   Attacks with this weapon are significantly faster.
   It affects your strength (+3).
   It affects your intelligence (-5).
   It affects your dexterity (+2).
   It greatly protects you from fire.
   It protects you from negative energy.
 s - the +7 dagger of Intuition (weapon) {drain, rN+ Int+5}
   (You found it on level 5 of the Dungeon)

   A truly terrible weapon, it drains the life of those it strikes.
   It affects your intelligence (+5).
   It protects you from negative energy.
Armour
 v - a +2 pair of boots of flying (worn)
Jewellery
 b - a +4 ring of protection (left hand)
 p - an uncursed ring of see invisible
 r - a +6 ring of strength (right hand)
Wands
 i - a wand of iceblast (9)
 l - a wand of acid (7)
Scrolls
 a - 2 scrolls of fog
 h - 5 scrolls of remove curse
 n - a scroll of fear
 o - 3 scrolls of teleportation
 q - a scroll of blinking
 w - a scroll of summoning {unknown}
Potions
 c - a potion of lignification
 e - 2 potions of mutation
 f - a potion of attraction
 k - a potion of haste {unknown}
 m - a potion of curing {unknown}
 t - a potion of cancellation {unknown}
 u - 2 potions of magic {unknown}
 x - 2 potions of heal wounds {unknown}


   Skills:
 + Level 0.6 Fighting
 + Level 0.9 Short Blades
 + Level 1.3 Maces & Flails
 + Level 3.2 Dodging
 + Level 2.6 Stealth
 * Level 8.7 Spellcasting
 * Level 6.4 Conjurations
 * Level 7.5 Fire Magic


You had 13 spell levels left.
You knew the following spells:

 Your Spells              Type           Power        Failure   Level
a - Foxfire               Conj/Fire      100%         1%          1
b - Conjure Flame         Conj/Fire      43%          1%          3
c - Inner Flame           Hex/Fire       28%          3%          3
d - Fireball              Conj/Fire      21%          10%         5

Your spell library contained the following spells:

 Spells                   Type           Power        Failure   Level
 Sandblast                Erth           20%          6%          1
 Magic Dart               Conj           100%         1%          1
 Sticky Flame             Conj/Fire      43%          3%          4
 Mephitic Cloud           Conj/Pois/Air  20%          8%          3
 Blink                    Tloc           N/A          9%          2
 Call Imp                 Summ           10%          9%          2
 Slow                     Hex            10%          9%          2


Dungeon Overview and Level Annotations

Branches:
Dungeon (7/15)             Temple (1/1) D:4

Altars:
Cheibriados
Dithmenos
Elyvilon
Fedhas
Gozag
Kikubaaqudgha
Makhleb
Nemelex Xobeh
Okawaru
Qazlal
Ru
Sif Muna
Trog
Uskayaw
Vehumet
Wu Jian
Xom
Yredelemnul
Zin
The Shining One

Shops:
D:6 :[?(

Annotations:
D:6 6 runed translucent doors, nightchill's ghost, novice MfIE


Innate Abilities, Weirdness & Mutations

You can breathe bolts of dispelling energy.
Your rich purple scales are hard. (AC +7)
You cannot fit into any form of body armour.
You are cold-blooded and may be slowed by cold attacks.


Message History

You feel very sick.
The foxfire hits the green ugly thing but does no damage.
The green ugly thing is almost dead.
The foxfire hits the green ugly thing but does no damage.
The green ugly thing is almost dead.
The white imp barely misses you.
The green ugly thing gores you but does no damage.
You puncture the green ugly thing!
You kill the green ugly thing!
Vehumet accepts your kill.
* * * LOW HITPOINT WARNING * * *
You feel sick. The white imp hits you.
* * * LOW HITPOINT WARNING * * *
The white imp freezes you.
You feel yourself slow down.
* * * LOW HITPOINT WARNING * * *
You puncture the white imp!
You kill the white imp!
Vehumet accepts your kill.
You feel your power returning.
You die...

..
.....................###.#
###.
..######.#####..........#
#.5..#. ##'###.............
#....#####..##..##..........
#...........#....##.........
#.########..#..._.#.....#...
#..#....##..#..#...
#.†##..##......#...
#.@.##.....#.#.....
#§...###...#.##.###
#..........#.##....
#..........#)......
#..........#......#
############......# #......#
#....... #.......


There were no monsters in sight!

Vanquished Creatures
  An ugly thing (D:7)
  Menkaure (D:4)
  2 ice beasts (D:5)
  Duvessa (D:6)
  An orc warrior (D:7)
  3 ogres
  A black bear (D:6)
  A necrophage (D:6)
  A centaur (D:5)
  A big kobold (D:6)
  3 bullfrogs
  A scorpion (D:5)
  Dowan (D:6)
  6 killer bees (D:7)
  A hound (D:4)
  An orc priest (D:7)
  An orc wizard (D:5)
  Natasha (thrice) (D:2)
  A bullfrog skeleton (D:6)
  2 iguanas (D:5)
  5 worker ants
  A worker ant zombie (D:6)
  8 gnolls
  13 adders
  A white imp (D:7)
  An ooze (D:4)
  An adder skeleton (D:6)
  A worm (D:2)
  3 dart slugs (D:1)
  3 leopard geckos
  7 orcs
  2 giant cockroaches
  8 hobgoblins
  11 jackals
  13 kobolds
  3 quokkas
  3 ball pythons
  3 bats
  4 frilled lizards
  10 goblins
  13 rats
147 creatures vanquished.

Vanquished Creatures (others)
  537 foxfires
537 creatures vanquished.

Grand Total: 684 creatures vanquished

Notes
Turn   | Place    | Note
-------+----------+-------------------------------------------
     0 | D:1      | funkygono the Draconian Fire Elementalist began the quest
                  | for the Orb.
     0 | D:1      | Reached XP level 1. HP: 14/14 MP: 3/3
   396 | D:1      | Reached XP level 2. HP: 20/20 MP: 3/5
  1195 | D:2      | Found an ornate altar of the Wu Jian Council.
  1209 | D:2      | Reached XP level 3. HP: 26/26 MP: 3/6
  1213 | D:2      | Learned a level 3 spell: Conjure Flame
  1217 | D:2      | Learned a level 3 spell: Inner Flame
  1453 | D:2      | Noticed Natasha
  1461 | D:2      | Killed Natasha
  1462 | D:2      | Reached XP level 4. HP: 33/33 MP: 0/8
  1675 | D:2      | Reached skill level 3 in Spellcasting
  2272 | D:2      | Noticed Natasha
  2277 | D:2      | Killed Natasha
  2373 | D:2      | Noticed Natasha
  2387 | D:2      | Killed Natasha
  2388 | D:2      | Reached XP level 5. HP: 25/38 MP: 4/9
  2665 | D:3      | Noticed an ogre
  2674 | D:3      | Killed an ogre
  2675 | D:3      | Reached XP level 6. HP: 35/45 MP: 5/11
  2977 | D:3      | Reached skill level 4 in Spellcasting
  3894 | D:3      | Learned a level 5 spell: Fireball
  4100 | D:4      | Noticed Menkaure
  4117 | D:4      | Reached skill level 5 in Fire Magic
  4376 | D:4      | Killed Menkaure
  4377 | D:4      | Your scales start taking on a rich purple colour.
  4377 | D:4      | Reached skill level 5 in Spellcasting
  4377 | D:4      | Reached XP level 7. HP: 50/50 MP: 8/15
  4444 | D:4      | Found a staircase to the Ecumenical Temple.
  4490 | Temple   | Entered the Ecumenical Temple
  4531 | Temple   | Became a worshipper of Vehumet
  4735 | D:4      | Found a sparkling altar of Nemelex Xobeh.
  5094 | D:5      | Entered Level 5 of the Dungeon
  5332 | D:5      | Found a sparkling altar of Nemelex Xobeh.
  5440 | D:5      | Reached skill level 1 in Maces & Flails
  5440 | D:5      | Reached skill level 6 in Spellcasting
  5571 | D:5      | Reached XP level 8. HP: 57/57 MP: 9/17
  5663 | D:5      | Found a stormy altar of Qazlal.
  5715 | D:5      | Found an ancient bone altar of Kikubaaqudgha.
  5834 | D:5      | Found a white marble altar of Elyvilon.
  5905 | D:5      | Found a basalt altar of Yredelemnul.
  6025 | D:5      | Got a translucent dagger
  6026 | D:5      | Identified the +7 dagger of Intuition {drain, rN+ Int+5}
                  | (You found it on level 5 of the Dungeon)
  6094 | D:5      | Reached skill level 5 in Conjurations
  6227 | D:5      | Found a glowing golden altar of the Shining One.
  6601 | D:5      | Found a shimmering blue altar of Sif Muna.
  6684 | D:6      | Found Ronwyjay's Book Emporium.
  6742 | D:6      | Reached skill level 7 in Spellcasting
  6842 | D:6      | Noticed Dowan
  6848 | D:6      | Killed Dowan
  6882 | D:6      | Found Emeere's Antique Armour Emporium.
  6890 | D:6      | Bought a pair of runed boots for 180 gold pieces
  6904 | D:6      | Found Xeukot's Magic Scroll Shop.
  6962 | D:6      | Found an opulent altar of Gozag.
  6963 | D:6      | Found a sparkling altar of Nemelex Xobeh.
  7006 | D:6      | Noticed Duvessa
  7021 | D:6      | Killed Duvessa
  7108 | D:6      | Found the +9 staff of Olgreb {rPois∞}
  7113 | D:6      | Found a runed translucent gate.
  7131 | D:6      | Found a runed translucent door.
  7136 | D:6      | Found a runed translucent gate.
  7136 | D:6      | Found a runed translucent gate.
  7137 | D:6      | Found a runed translucent door.
  7190 | D:6      | Reached * piety under Vehumet
  7190 | D:6      | Offered knowledge of Sandblast by Vehumet.
  7235 | D:6      | Found Lumeig's Antique Weapon Shoppe.
  7532 | D:6      | Found a runed translucent door.
  7533 | D:6      | Found a shimmering altar of Xom.
  7533 | D:6      | Noticed nightchill's ghost (novice MfIE)
  7534 | D:6      | Noticed a +1 mace of chaos
  7720 | D:7      | Reached XP level 9. HP: 58/62 MP: 12/20
  7731 | D:7      | Reached skill level 8 in Spellcasting
  7751 | D:7      | Got a jewelled shortbow
  8160 | D:7      | Found a shadowy altar of Dithmenos.
  8193 | D:7      | Noticed a green ugly thing
  8221 | D:7      | Killed a green ugly thing
  8221 | D:7      | HP: 2/94 [white imp (4)]
  8222 | D:7      | Succumbed to a green ugly thing's poison

Illustrated notes

Levels and vault maps discovered:
D:1:      onia_arrival_handbag, layout_loops_corners, minmay_surrounded
D:2:      layout_loops_ring, nicolae_overflow_crystal_walls, uniq_natasha
D:3:      layout_loops_cross, chequers_serial_rivers_micro_c,
          chequers_serial_rivers_large_a, minmay_misc_feat_enclosed, minivault_4
D:4:      layout_rooms, temple_fountains, chequers_serial_rivers_small_a,
          small_statue_alley_b, minivault_23, grunt_ministairs_6,
          nrook_mini_vaults, lemuel_altar_in_water, uniq_menkaure
D:5:      layout_basic, kennysheep_mini_moat, kiku_gazebo_pond_becter,
          general_overflow_altar, kennysheep_ying_yang, kennysheep_little_box,
          basic_altar
D:6:      cheibrodos_thug_alley, layout_cave_pools,
          grunt_temple_overflow_opulence, serial_shops, shop_statue, shop,
          shop_statue, shop, ebering_ghost_xom,
          minmay_guarded_unrand_staff_of_olgreb, uniq_duvessa
D:7:      layout_basic, nicolae_dithmenos_through_a_glass_darkly,
          elyvilon_altar_5
Temple:   jpeg_temple_island

Skill      XL: |  1  2  3  4  5  6  7  8  9 |
---------------+----------------------------+-----
Stealth        | 2 |  2.6
Fire Magic     | 4 5 6 7 |  7.5
Spellcasting   | 3 5 6 7 8 |  8.7
Conjurations   | 2 3 4 5 6 |  6.4
Dodging        | 2 3 |  3.2
Maces & Flails | 1 |  1.3
Fighting       | |  0.6
Short Blades   | |  0.9

Action                   |  1- 3 |  4- 6 |  7- 9 || total
-------------------------+-------+-------+-------++-------
Melee: Whip              |    16 |    65 |     9 ||    90
       Tailslap          |     1 |     7 |     5 ||    13
       Dagger            |       |       |    35 ||    35
 Cast: Foxfire           |    50 |   118 |   171 ||   339
       Conjure Flame     |     1 |     1 |       ||     2
       Inner Flame       |       |     4 |     2 ||     6
       Fireball          |       |       |     1 ||     1
  Use: Scroll            |     3 |     8 |     5 ||    16
       Potion            |       |       |     2 ||     2
 Stab: Sleeping          |       |       |     1 ||     1
Armor: Skin              |    14 |    81 |    50 ||   145
Dodge: Dodged            |    17 |   131 |    62 ||   210
